 Dungeon Sprint DCSS version 0.21-a0-201-g8501b10 (webtiles) character file.

1383 Kidiri the Covert (level 8, -3/37 HPs)
             Began as a Spriggan Enchanter on Aug 18, 2017.
             Was an Initiate of Dithmenos.
             Slain by a polar bear (17 damage)
             ... in the Dungeon (Sprint II: "The Violet Keep of Menkaure").
             The game lasted 00:09:21 (997 turns).

Kidiri the Covert (Spriggan Enchanter)               Turns: 997, Time: 00:09:23

Health: -3/37      AC:  2    Str:  7    XL:     8   Next: 40%
Magic:  10/22      EV: 27    Int: 19    God:    Dithmenos [......]
Gold:   83         SH:  0    Dex: 18    Spells: 13/25 levels left

rFire    + . .     SeeInvis +   a - +1 dagger
rCold    . . .     Gourm    .   (shield restricted)
rNeg     . . .     Faith    .   b - +0 robe
rPois    +         Spirit   .   (helmet restricted)
rElec    .         Reflect  .   (no cloak)
rCorr    .         Harm     .   (gloves unavailable)
MR       +....     NoTele   +   (boots unavailable)
Stlth    ++++......             g - amulet of magic regeneration
HPRegen  0.12/turn              e - ring "Hisint" {rF+ Str+3 Int+2 Slay+2 Stlth-}
MPRegen  0.43/turn              (no ring)

@: very slightly contaminated, very quick
A: unfitting armour, see invisible, herbivore 3, speed 3, frail 1, poison
resistance, slow metabolism 2
a: Renounce Religion


You were in the Dungeon.
You worshipped Dithmenos.
Dithmenos was noncommittal.
You were not hungry.

You visited 1 branch You collected 972 gold pieces.
You spent 889 gold pieces at shops.

Inventory:

Hand Weapons
 a - a +1 dagger (weapon)
Armour
 b - a +0 robe (worn)
Jewellery
 e - the ring "Hisint" (left hand) {rF+ Str+3 Int+2 Slay+2 Stlth-}
   (You bought it in a shop in the Dungeon)

   [ring of slaying]

   It affects your strength (+3).
   It affects your intelligence (+2).
   It affects your accuracy and damage with ranged weapons and melee attacks
   (+2).
   It protects you from fire.
   It makes you less stealthy.
 g - an amulet of magic regeneration (around neck)
Scrolls
 j - a scroll of blinking
Potions
 i - a potion of berserk rage
Books
 c - a book of Maledictions

   Spells                             Type                      Level
   a - Corona                         Hexes                        1
   b - Ensorcelled Hibernation        Hexes/Ice                    2
   c - Confuse                        Hexes                        3
   d - Tukima's Dance                 Hexes                        3
   e - Dazzling Spray                 Conjuration/Hexes            3
Comestibles
 d - a bread ration


   Skills:
 + Level 4.1 Fighting
 * Level 8.3 Short Blades
 + Level 3.7 Armour
 * Level 10.8 Dodging
 * Level 12.2 Stealth
 * Level 9.4 Spellcasting
 + Level 3.3 Conjurations
 + Level 7.3 Hexes
 + Level 3.6 Ice Magic
 + Level 1.5 Invocations


You had 13 spell levels left.
You knew the following spells:

 Your Spells              Type           Power        Failure   Level  Hunger
a - Corona                Hex            #####..      1%          1    None
b - Ensorcelled Hibernat  Hex/Ice        ####..       1%          2    None
c - Confuse               Hex            #####...     1%          3    None
d - Tukima's Dance        Hex            #####...     1%          3    None
e - Dazzling Spray        Conj/Hex       ####..       2%          3    None


Dungeon Overview and Level Annotations

Branches:
Dungeon (1/1)

Altars:
Cheibriados
Dithmenos
Elyvilon
Fedhas
Gozag
Hepliaklqana
Kikubaaqudgha
Makhleb
Nemelex Xobeh
Okawaru
Qazlal
Ru
Sif Muna
Trog
Uskayaw
Vehumet
Wu Jian
Xom
Yredelemnul
Zin
The Shining One
Beogh
Jiyva
Lugonu

Shops:
D =!:%[?*[[*!=}(!:

Annotations:
D exclusions: obsidian statue and oklob plant


Innate Abilities, Weirdness & Mutations

You are very small and have problems with some larger weapons.
You are too small for most types of armour.
You have supernaturally acute eyesight. (SInv)
You are a herbivore.
You cover ground extremely quickly.
You need consume almost no food.
You are frail. (-10% HP)
Your system is resistant to poisons. (rPois)


Message History

The spray of energy hits the polar bear.
The polar bear is lightly wounded.
The polar bear completely misses you. The polar bear barely misses you.
The polar bear completely misses you. The polar bear bites you.
The polar bear completely misses you. The polar bear barely misses you.
The yaktaur misses you.
Unknown command.
Casting: Dazzling Spray
Confirm with . or Enter, or press ? or * to list all spells.
Aiming: Dazzling Spray
Press: ? - help, Shift-Dir - straight line, f/p - yaktaur
Aim: a yaktaur (severely wounded)
The spray of energy hits the yaktaur.
The yaktaur is severely wounded.
The spray of energy misses the polar bear.
The spray of energy hits the polar bear.
The polar bear is moderately wounded.
The polar bear completely misses you. The polar bear claws you. x2
The polar bear bites you!
You die...

..#####..## #..# $# ))$
#+###.##..# +..# .#▓?!)$?
#.##...#..# #..# .#▓[)=(?$
.<.+###+..####..##.#▓!$[?)(
#.##...#....###...##▓▓▓▓▓▓▓
#'###.##......≈≈≈≈≈≈≈≈≈≈≈≈≈
...####≈≈.....≈#'########+#
##..#≈≈≈≈≈≈≈.§≈#hc..._..#≈§
.####≈≈§≈≈§≈≈.≈#@h.._._.#≈≈
#+##≈≈≈≈≈≈§≈≈≈≈#..._._._#§§
≈≈≈≈≈≈≈≈≈≈≈§§≈§#.._._._.#§≈
+#+++#≈≈§≈§≈≈§§#._._._._#§§
≈§§§ #≈§≈###≈§#_._._._.#§t
≈§§≈≈≈ #≈≈#._._._._#§§
§8§≈§≈§+ #≈≈#_._._...#§§
≈§§§§§## ≈≈≈##########≈§
§§§≈≈## ####≈≈≈≈≈≈≈≈≈≈≈


You could see 2 polar bears and a yaktaur.

Vanquished Creatures
  A tyrant leech (D)
  A polar bear (D)
  A hornet (D)
  4 neqoxecs (D)
  A crocodile (D)
  A hell rat (D)
  4 worker ants (D)
  3 worms (D)
16 creatures vanquished.

Vanquished Creatures (others)
  A tyrant leech (D)
  Menkaure (D)
  A crocodile (D)
3 creatures vanquished.

Grand Total: 19 creatures vanquished

Notes
Turn   | Place    | Note
-------+----------+-------------------------------------------
     0 | D        | Kidiri the Spriggan Enchanter began the quest for the Orb.
     0 | D        | Reached XP level 1. HP: 9/9 MP: 5/5
     1 | D        | Noticed a neqoxec
     1 | D        | Noticed a neqoxec
     1 | D        | Noticed a neqoxec
     1 | D        | Noticed a neqoxec
     4 | D        | Noticed a worker ant
     4 | D        | Noticed a worker ant
     4 | D        | Noticed a worker ant
     4 | D        | Noticed a worker ant
    83 | D        | Killed Menkaure
   183 | D        | Killed a crocodile
   297 | D        | Reached skill level 5 in Stealth
   306 | D        | Noticed a lava snake
   309 | D        | Reached XP level 2. HP: 13/14 MP: 5/7
   328 | D        | Learned a level 2 spell: Ensorcelled Hibernation
   333 | D        | Reached skill level 1 in Fighting
   333 | D        | Reached skill level 1 in Armour
   333 | D        | Reached skill level 6 in Stealth
   333 | D        | Reached XP level 3. HP: 18/18 MP: 7/9
   334 | D        | Reached skill level 5 in Dodging
   336 | D        | Reached skill level 7 in Stealth
   336 | D        | Reached XP level 4. HP: 22/22 MP: 5/11
   341 | D        | Learned a level 3 spell: Confuse
   345 | D        | Learned a level 3 spell: Tukima's Dance
   349 | D        | Learned a level 3 spell: Dazzling Spray
   351 | D        | Reached skill level 5 in Spellcasting
   395 | D        | Noticed a tyrant leech
   395 | D        | Noticed a tyrant leech
   400 | D        | Killed a tyrant leech
   400 | D        | Reached skill level 5 in Short Blades
   400 | D        | Reached skill level 9 in Stealth
   400 | D        | Reached skill level 1 in Conjurations
   400 | D        | Reached skill level 5 in Hexes
   400 | D        | Reached XP level 5. HP: 27/27 MP: 11/15
   400 | D        | Reached XP level 6. HP: 32/32 MP: 11/16
   547 | D        | Killed a tyrant leech
   547 | D        | Reached skill level 10 in Stealth
   778 | D        | Gained mutation: Your system is resistant to poisons. (rPois) [a neqoxec]
   779 | D        | Killed a neqoxec
   779 | D        | Reached XP level 7. HP: 36/36 MP: 15/19
   784 | D        | Killed a neqoxec
   784 | D        | Reached skill level 11 in Stealth
   786 | D        | Gained mutation: You are frail. (-10% HP) [a neqoxec]
   791 | D        | Killed a neqoxec
   791 | D        | Reached skill level 10 in Dodging
   793 | D        | Killed a neqoxec
   837 | D        | Noticed an obsidian statue
   841 | D        | Found Sil Egga's Book Shop.
   842 | D        | Found Cumig's Antique Weapon Boutique.
   842 | D        | Found Kaaptu's Distillery.
   843 | D        | Found Sutriaf's Jewellery Shop.
   843 | D        | Found Puhosuys's Gadget Shop.
   844 | D        | Found Lakeemamue's Assorted Antiques.
   844 | D        | Found Qamaus's Distillery.
   847 | D        | Reached XP level 8. HP: 37/37 MP: 21/21
   850 | D        | Found Rido's Antique Armour Shop.
   852 | D        | Found Oziahall's Antique Armour Shop.
   853 | D        | Found Motiej's General Store.
   853 | D        | Found Qodygo's Magic Scroll Boutique.
   857 | D        | Found Worrom's Antique Armour Shop.
   857 | D        | Found Samuy's Food Boutique.
   857 | D        | Noticed an oklob plant
   858 | D        | Found Icveliag's Distillery.
   858 | D        | Found Nessofepp's Jewellery Boutique.
   858 | D        | Found Sifovoix's Book Shoppe.
   864 | D        | Noticed a great orb of eyes
   875 | D        | Noticed a shining eye
   879 | D        | Noticed a shining eye
   882 | D        | Noticed a shining eye
   912 | D        | Bought the ring "Hisint" {rF+ Str+3 Int+2 Slay+2 Stlth-} for 529 gold pieces
   912 | D        | Bought an uncursed amulet of magic regeneration for 360 gold pieces
   946 | D        | Found a blossoming altar of Fedhas.
   947 | D        | Found a white marble altar of Elyvilon.
   948 | D        | Found a shadowy altar of Dithmenos.
   948 | D        | Found a corrupted altar of Lugonu.
   948 | D        | Found an opulent altar of Gozag.
   948 | D        | Found a burning altar of Makhleb.
   949 | D        | Found a snail-covered altar of Cheibriados.
   949 | D        | Found an ancient bone altar of Kikubaaqudgha.
   949 | D        | Found a bloodstained altar of Trog.
   950 | D        | Found a roughly hewn altar of Beogh.
   950 | D        | Found a viscous altar of Jiyva.
   950 | D        | Found a deep blue altar of Sif Muna.
   951 | D        | Found a hazy altar of Hepliaklqana.
   951 | D        | Found a sacrificial altar of Ru.
   952 | D        | Found a shimmering altar of Xom.
   953 | D        | Found a stormy altar of Qazlal.
   953 | D        | Found an ornate altar of the Wu Jian Council.
   953 | D        | Found a sparkling altar of Nemelex Xobeh.
   953 | D        | Found a hide-covered altar of Uskayaw.
   953 | D        | Found a basalt altar of Yredelemnul.
   953 | D        | Found a glowing golden altar of the Shining One.
   953 | D        | Noticed a hornet
   953 | D        | Noticed a polar bear
   954 | D        | Found a radiant altar of Vehumet.
   954 | D        | Found an iron altar of Okawaru.
   954 | D        | Found a glowing silver altar of Zin.
   954 | D        | Noticed a yaktaur
   957 | D        | Became a worshipper of Dithmenos the Shadowed
   962 | D        | Noticed a polar bear
   963 | D        | Noticed a polar bear
   991 | D        | Killed a polar bear
   991 | D        | Reached skill level 1 in Invocations
   993 | D        | Killed a hornet
   993 | D        | Reached skill level 12 in Stealth
   997 | D        | Slain by a polar bear

Vault maps used:
D:        the_violet_keep_of_menkaure

Skill      XL: |  1  2  3  4  5  6  7  8 |
---------------+-------------------------+-----
Spellcasting   | 3 4 6 7 8 9 |  9.4
Stealth        | 5 6 7 9 10 11 12 | 12.2
Short Blades   | 2 3 5 6 7 8 |  8.3
Hexes          | 4 5 6 7 |  7.3
Fighting       | 1 2 3 4 |  4.1
Armour         | 1 2 3 |  3.7
Dodging        | 4 5 8 9 10 | 10.8
Conjurations   | 1 2 3 |  3.3
Ice Magic      | 2 3 |  3.6
Invocations    | 1 |  1.5

Action                   |  1- 3 |  4- 6 |  7- 9 || total
-------------------------+-------+-------+-------++-------
Melee: Dagger            |    26 |     9 |    15 ||    50
 Cast: Corona            |     3 |     1 |       ||     4
       Ensorcelled Hiber |     1 |     4 |     5 ||    10
       Confuse           |       |     2 |     8 ||    10
       Dazzling Spray    |       |     1 |     9 ||    10
  Use: Potion            |       |     1 |     4 ||     5
 Stab: Sleeping          |     5 |     6 |     3 ||    14
       Invisible         |       |       |     3 ||     3
Armor: Robe              |       |       |     9 ||     9
Dodge: Dodged            |    10 |     7 |   116 ||   133
